 Dungeon Crawl Stone Soup version 0.23.2-1-ga50397a6bc (webtiles) character file.

Game seed: 13751466314210682475

513 Mrkan the Cudgeler (level 7, -2/65 (66) HPs)
             Began as a Troll Monk on May 27, 2019.
             Was a Believer of Yredelemnul.
             Killed from afar by an orc wizard (8 damage)
             ... with a puff of flame
             ... on level 4 of the Dungeon.
             The game lasted 00:06:30 (2862 turns).

Mrkan the Cudgeler (Troll Monk)                     Turns: 2862, Time: 00:06:30

HP:   -2/65 (66)    AC:  7    Str: 20    XL:     7   Next: 0%
MP:   7/7           EV: 10    Int:  6    God:    Yredelemnul [**....]
Gold: 135           SH:  0    Dex: 14    Spells: 6/6 levels left

rFire    . . .     SeeInvis .   (no weapon)
rCold    . . .     Gourm    +   (no shield)
rNeg     . . .     Faith    .   b - +0 robe
rPois    .         Spirit   .   (helmet restricted)
rElec    .         Reflect  .   j - +0 cloak
rCorr    .         Harm     .   (gloves unavailable)
MR       .....                  (boots unavailable)
Stlth    ++........             (no amulet)
HPRegen  0.60/turn              (no ring)
MPRegen  0.10/turn              (no ring)

@: no status effects
A: large, unfitting armour, claws 3, fast metabolism 3, gourmand, regeneration
1, shaggy fur 1, tough skin 3
a: Animate Remains, Recall Undead Slaves, Injury Mirror, Renounce Religion


You were on level 4 of the Dungeon.
You worshipped Yredelemnul.
Yredelemnul was pleased with you.
You were not hungry.

You visited 1 branch of the dungeon, and saw 4 of its levels.

You collected 135 gold pieces.

Inventory:

Hand Weapons
 a - a +0 mace
 u - a +0 giant club
Missiles
 m - 7 javelins (quivered)
 n - 7 tomahawks
Armour
 b - a +0 robe (worn)
 j - a +0 cloak (worn)
Jewellery
 l - a cursed amulet of inaccuracy {unknown}
 r - a +5 ring of intelligence {unknown}
Scrolls
 e - a scroll of remove curse {unknown}
 g - a scroll of magic mapping {unknown}
 h - a scroll of random uselessness {unknown}
 i - 2 scrolls of identify {unknown}
 o - 2 scrolls of teleportation {unknown}
 p - a scroll of fear {unknown}
 q - a scroll of enchant armour {unknown}
 s - a scroll of fog {unknown}
 t - 2 scrolls of enchant weapon {unknown}
Potions
 d - a potion of agility {unknown}
 f - 2 potions of flight {unknown}
 k - a potion of haste {unknown}
Comestibles
 c - 6 rations


   Skills:
 - Level 2.4 Fighting
 * Level 7.0 Maces & Flails
 - Level 2.4 Dodging
 - Level 1.0 Stealth
 + Level 1.7 Invocations


You had 6 spell levels left.
You didn't know any spells.
Your spell library was empty.

Dungeon Overview and Level Annotations

Branches:
Dungeon (4/15)
 Temple: D:4-7

Altars:
Kikubaaqudgha
Yredelemnul


Innate Abilities, Weirdness & Mutations

You are too large for most types of armour.
You have claws for hands.
Your metabolism is lightning-fast.
You like to eat raw meat.
Your natural rate of healing is unusually fast.
You are covered in fur. (AC +1)
You have extremely tough skin. (AC +3)


Message History

The orc wizard is almost dead.
The orc wizard points at you and mumbles some strange words.
The puff of flame misses you.
The orc wizard gestures wildly while chanting.
The orc wizard flickers and vanishes!
Deactivating autopickup; reactivate with Ctrl-A.
You scratch something but do no damage. Something hits you but does no damage.
The orc priest invokes the aid of Beogh against you.
Beogh smites you!
* * * LOW HITPOINT WARNING * * *
You barely miss something.
You hear some strange, mumbled words.
A puff of flame appears from out of thin air!
The puff of flame hits you.
* * * LOW HITPOINT WARNING * * *
You hear some strange, mumbled words.
A puff of flame appears from out of thin air!
The puff of flame hits you!
You die...
Your body rises from the dead as a mindless zombie.

#..#.# #.......#
####.#### #.......#
..##....# #....)..#
..#####.# #.......#
#.#####.# #.......#
........######.......#
###..................#
# #...........o#####.#
# #...........l{@))'##
#...........o######
#............#
#...........o#
+............#
#............#
.............#
...........g.#
########.....#


You could see an orc priest, an orc and a leopard gecko.

Vanquished Creatures
  A human (D:3)
  An ogre (D:4)
  An orc priest (D:3)
  Terence (D:3)
  A worker ant (D:4)
  A hound skeleton (D:4)
  Robin (D:3)
  4 gnolls (D:4)
  3 adders
  2 oozes
  2 worms (D:2)
  A dart slug (D:1)
  A leopard gecko (D:2)
  11 orcs
  3 ball pythons
  3 giant cockroaches (D:1)
  23 goblins
  8 hobgoblins
  A jackal (D:3)
  A quokka (D:2)
  7 bats
  4 frilled lizards
  7 kobolds
  6 rats
94 creatures vanquished.

Vanquished Creatures (others)
  A goblin (D:3)
1 creature vanquished.

Grand Total: 95 creatures vanquished

Notes
Turn   | Place    | Note
-------+----------+-------------------------------------------
     0 | D:1      | Mrkan the Troll Monk began the quest for the Orb.
     0 | D:1      | Reached XP level 1. HP: 22/22 MP: 0/0
   102 | D:1      | Reached skill level 3 in Maces & Flails
   256 | D:1      | Reached XP level 2. HP: 29/29 MP: 1/1
   759 | D:2      | Reached XP level 3. HP: 30/36 MP: 2/2
   793 | D:2      | Reached skill level 4 in Maces & Flails
  1111 | D:2      | Reached XP level 4. HP: 42/44 MP: 3/3
  1597 | D:3      | Reached skill level 5 in Maces & Flails
  1644 | D:3      | Noticed Robin
  1680 | D:3      | Killed Robin
  1680 | D:3      | Reached XP level 5. HP: 40/50 MP: 4/4
  1747 | D:3      | Found a runed translucent door.
  1747 | D:3      | Noticed a human
  1764 | D:3      | Found a basalt altar of Yredelemnul.
  1789 | D:3      | Killed a human
  1789 | D:3      | Reached skill level 6 in Maces & Flails
  1789 | D:3      | Reached XP level 6. HP: 29/59 MP: 5/5
  1794 | D:3      | Became a worshipper of Yredelemnul the Dark
  1794 | D:3      | Reached * piety under Yredelemnul
  1794 | D:3      | Reached ** piety under Yredelemnul
  2244 | D:3      | Noticed Terence
  2259 | D:3      | Killed Terence
  2417 | D:3      | Found an ancient bone altar of Kikubaaqudgha.
  2664 | D:4      | Reached skill level 1 in Invocations
  2767 | D:4      | Reached skill level 7 in Maces & Flails
  2774 | D:4      | Reached XP level 7. HP: 15/65 MP: 7/7
  2862 | D:4      | Killed from afar by an orc wizard

Skill      XL: |  1  2  3  4  5  6 |
---------------+-------------------+-----
Maces & Flails | 3 4 5 6 7 |  7.0
Invocations    | 1 |  1.7
Fighting       | |  2.4
Dodging        | |  2.4
Stealth        | |  1.0

Action                   |  1- 3 |  4- 6 |  7- 9 || total
-------------------------+-------+-------+-------++-------
Melee: Unarmed           |   123 |   210 |    18 ||   351
 Stab: Sleeping          |     2 |     3 |       ||     5
  Eat: Chunk             |    11 |    13 |     3 ||    27
Armor: Robe              |    50 |    82 |     7 ||   139
Dodge: Dodged            |    51 |   116 |     6 ||   173
